 Dungeon Crawl Stone Soup version 0.30.1-11-g7821555f0a (webtiles) character file.

Game seed: 10976144392399887315

4260 Ivernyr the Cruncher (level 10, 0/80 HPs)
             Began as a Formicid Fighter on Nov 14, 2023.
             Was a Believer of Wu Jian.
             Slain by a yak (11 damage)
             ... on level 7 of the Dungeon on Nov 15, 2023.
             The game lasted 00:14:26 (7050 turns).

Ivernyr the Cruncher (Formicid Fighter)             Turns: 7050, Time: 00:14:26

Health: 0/80       AC:  9    Str: 27    XL:     10   Next: 56%
Magic:  10/10      EV: 11    Int:  9    God:    Wu Jian [**....]
Gold:   138        SH:  6    Dex: 13    Spells: 9/9 levels left

rFire   . . .        a - +0 quarterstaff
rCold   . . .        c - +0 buckler
rNeg    . . .        D - +3 leather armour of Vehumet's Inspiration {rCorr Str+3}
rPois   .            (helmet unavailable)
rElec   .            G - +0 cloak
rCorr   +            e - +0 pair of gloves
SInv    +            (no boots)
Will    +....        (no amulet)
Stlth   +            (no ring)
HPRegen 0.33/turn    (no ring)
MPRegen 0.12/turn

%: no passive effects
@: no status effects
A: permanent stasis, dig shafts and tunnels, antennae 3, four strong arms
a: Dig, Shaft Self, Renounce Religion, Wall Jump


You were on level 7 of the Dungeon.
You worshipped Wu Jian.
Wu Jian was pleased with you.
You visited 2 branches of the dungeon, and saw 9 of its levels.

You collected 341 gold pieces.
You spent 203 gold pieces at shops.

Inventory:

Hand Weapons
 a - a +0 quarterstaff (weapon)
Missiles
 v - 3 throwing nets
Armour
 c - a +0 buckler (worn)
 e - a +0 pair of gloves (worn)
 D - the +3 leather armour of Vehumet's Inspiration (worn) {rCorr Str+3}
   (You bought it in a shop on level 6 of the Dungeon)

   Str:       It affects your strength (+3).
   rCorr:     It protects you from acid and corrosion.
 G - a +0 cloak (worn)
Jewellery
 A - an amulet of regeneration
Wands
 b - a wand of paralysis (6)
 m - a wand of flame (16)
 r - a wand of digging (4)
 t - a wand of light (1)
Scrolls
 f - 3 scrolls of immolation {unknown}
 g - 3 scrolls of enchant weapon {unknown}
 h - 3 scrolls of blinking {unknown}
 i - a scroll of fear {unknown}
 j - a scroll of amnesia {unknown}
 k - 9 scrolls of identify {unknown}
 n - 2 scrolls of noise {unknown}
 p - a scroll of fog {unknown}
 s - 3 scrolls of vulnerability {unknown}
 x - a scroll of butterflies {unknown}
 y - 2 scrolls of silence {unknown}
 C - a scroll of brand weapon {unknown}
 F - 4 scrolls of teleportation {unknown}
Potions
 d - 3 potions of attraction {unknown}
 l - 2 potions of degeneration {unknown}
 o - a potion of lignification {unknown}
 q - 3 potions of mutation {unknown}
 u - a potion of haste {unknown}
 w - 2 potions of curing {unknown}
 B - a potion of resistance {unknown}
 E - a potion of cancellation {unknown}


   Skills:
 + Level 7.9 Fighting
 * Level 9.6 Staves
 + Level 7.9 Armour
 + Level 9.5 Shields


You had 9 spell levels left.
You didn't know any spells.
Your spell library contained the following spells:

 Spells                   Type           Power      Damage    Failure   Level
 Shock                    Conj/Air       0%         1d3       45%         1
 Tukima's Dance           Hex            0%         N/A       83%         3
 Airstrike                Air            0%         2d(0-16)  99%         4
 Passage of Golubria      Tloc           0%         N/A       99%         4
 Yara's Violent Unravell  Hex/Tmut       0%         3d3       100%        5
 Swiftness                Air            Unusable   N/A       N/A         3

Dungeon Overview and Level Annotations

Branches:
Dungeon (8/15)             Temple (1/1) D:5
   Lair: D:8-11

Altars:
Hepliaklqana
Kikubaaqudgha
Makhleb
Nemelex Xobeh
Ru
Trog
Uskayaw
Wu Jian
Yredelemnul

Shops:
D:1 ::   D:6 *

Annotations:
D:3 1 runed translucent door


Innate Abilities, Weirdness & Mutations

You cannot be hasted, slowed, berserked, paralysed or teleported.
You can dig through walls and to a lower floor.
You have a pair of large antennae on your head. (SInv)
Your four strong arms can wield two-handed weapons with a shield.


Message History

The yak attacks as you move away! You block the yak's attack.
You feel much better. The yak gores you but does no damage.
The yak attacks as you move away! You block the yak's attack.
There is a stone staircase leading up here.
The yak gores you.
You climb upwards.
There is a stone staircase leading down here.
You closely miss the yak. The yak gores you.
You hit the yak but do no damage. The yak gores you!
* * * LOW HITPOINT WARNING * * *
You hit the yak.
The yak is lightly wounded.
You block the yak's attack.
You thump the yak!
The yak is moderately wounded.
The yak barely misses you.
You sock the yak!
The yak is heavily wounded.
You sock the yak!
The yak is severely wounded.
You block the yak's attack.
You barely miss the yak.
The yak is severely wounded.
The yak gores you!
* * * LOW HITPOINT WARNING * * *
You hit the yak but do no damage.
The yak is severely wounded.
The yak barely misses you.
You hit the yak but do no damage.
The yak is severely wounded.
The yak gores you.
* * * LOW HITPOINT WARNING * * *
You closely miss the yak.
The yak is severely wounded.
The yak gores you.
* * * LOW HITPOINT WARNING * * *
You sock the yak!
The yak is almost dead.
The yak gores you!
You die...

#.# #.# #####....##### #.#
###.###............# #.#
#.........##...###.# #.#
#....##.#.###.## #.# #.#
#.....#.#.###.# #.# #.#
#.............# #.# #.#
#........[....# #.# #.#
#....##.#Y##.## #.# #.#
#.#.###..@##.## ##.# #.#
#.#.# ##..#...# #..# #.#
#.#.####..#...###.## #.#
#.................# #.#
##..####...)......# #.#
#.## #..........#
##.######.#####..........#
.........(.[....##...##..#
#.#######.#####.##...##..#


You could see a yak.

Vanquished Creatures
  Pikel (D:7)
  Prince Ribbit (D:8)
  4 yaks
  Sigmund (D:3)
  A steam dragon (D:8)
  Grum (D:8)
  2 water moccasins
  2 sky beasts (D:6)
  4 black bears
  2 wolves (D:8)
  3 ice beasts (D:6)
  A lemure (D:7)
  A centaur (D:6)
  A phantom (D:4)
  Blork the orc (D:4)
  A kobold brigand (D:7)
  2 bullfrogs
  3 scorpions
  2 howler monkeys
  2 jellies
  4 hounds
  A gnoll bouda (D:4)
  An orc priest (D:6)
  2 sleepcaps
  Jessica (D:2)
  2 iguanas
  2 orc wizards (D:3)
  Ijyb (D:3)
  Robin (D:2)
  12 gnolls
  7 adders
  2 white imps
  2 worms (D:2)
  3 dart slugs
  15 orcs
  10 ball pythons
  7 bats
  5 endoplasms
  2 giant cockroaches
  15 goblins
  7 hobgoblins
  10 jackals
  9 kobolds
  6 quokkas
  4 frilled lizards
  7 rats
174 creatures vanquished.

Notes
Turn   | Place    | Note
-------+----------+-------------------------------------------
     0 | D:1      | Ivernyr the Formicid Fighter began the quest for the Orb.
     0 | D:1      | Reached XP level 1. HP: 18/18 MP: 1/1
    98 | D:1      | Reached XP level 2. HP: 18/24 MP: 2/2
   325 | D:1      | Found Faovarch's Armour Boutique.
   329 | D:1      | Found Xixzuxy's Book Boutique.
   340 | D:1      | Reached XP level 3. HP: 29/29 MP: 3/3
   398 | D:1      | Found Dado's Book Boutique.
   655 | D:2      | Noticed Robin
   707 | D:2      | Killed Robin
   708 | D:2      | Reached XP level 4. HP: 35/37 MP: 4/4
  1050 | D:2      | Found a faded altar of an unknown god.
  1092 | D:2      | You fall into a shaft and drop 2 floors!
  1092 | D:4      | Found a sparkling altar of Nemelex Xobeh.
  1118 | D:4      | Noticed Blork the orc
  1120 | D:4      | Noticed a scorpion
  1132 | D:4      | Killed Blork the orc
  1133 | D:4      | Reached skill level 5 in Shields
  1133 | D:4      | Reached XP level 5. HP: 13/42 MP: 5/5
  1142 | D:4      | Reached XP level 6. HP: 17/49 MP: 6/6
  1296 | D:4      | You fall into a shaft and drop 1 floor!
  1296 | D:5      | Entered Level 5 of the Dungeon
  1629 | D:5      | Found a staircase to the Ecumenical Temple.
  1645 | Temple   | Entered the Ecumenical Temple
  1649 | Temple   | Became a worshipper of the Wu Jian Council
  1683 | D:5      | Reached XP level 7. HP: 36/55 MP: 7/7
  1949 | D:3      | Noticed Sigmund
  1958 | D:3      | Killed Sigmund
  1959 | D:3      | Reached skill level 5 in Fighting
  1959 | D:3      | Reached skill level 5 in Staves
  2018 | D:3      | Noticed Ijyb
  2025 | D:3      | Killed Ijyb
  2026 | D:3      | Reached skill level 5 in Armour
  2270 | D:2      | Noticed Jessica
  2278 | D:2      | Killed Jessica
  2568 | D:3      | Reached * piety under Wu Jian
  2627 | D:3      | Noticed a human
  2628 | D:3      | Found a runed translucent door.
  2637 | D:3      | Found a basalt altar of Yredelemnul.
  2650 | D:3      | Reached XP level 8. HP: 57/62 MP: 8/8
  3993 | D:5      | Reached ** piety under Wu Jian
  4382 | D:6      | Reached XP level 9. HP: 61/69 MP: 9/9
  4649 | D:6      | Found Osem's Assorted Antiques.
  4942 | D:6      | Bought a smoking leather armour for 203 gold pieces
  4942 | D:6      | Identified the +3 leather armour of Vehumet's Inspiration
                  | {rCorr Str+3} (You bought it in a shop on level 6 of the
                  | Dungeon)
  5073 | D:7      | Noticed Pikel
  5087 | D:7      | Killed Pikel
  5463 | D:7      | Identified the staff of conjuration "Jueca Wyvas" {*Corrode
                  | rElec Dex+4}
  5792 | D:7      | Reached XP level 10. HP: 76/79 MP: 10/10
  6403 | D:8      | Noticed Prince Ribbit
  6425 | D:8      | Killed Prince Ribbit
  6432 | D:8      | Noticed Grum
  6467 | D:7      | HP: 2/79 [yak (13)]
  6736 | D:8      | Killed Grum
  7050 | D:7      | Slain by a yak

Illustrated notes

Levels and vault maps discovered:
D:1:      grunt_arrival_crossed_arrows, layout_loops_ring, serial_shops, shop,
          shop, shop, chequers_serial_rivers_micro_a, minmay_misc_feat_encased
D:2:      layout_basic, ebering_ecumenical_altar_petrified, uniq_robin,
          uniq_jessica
D:3:      layout_basic, dk_yredelemnul_ordeal, uniq_sigmund, uniq_ijyb
D:4:      minmay_angry_zag, layout_basic, nemelex_xobeh_ov_fountains_minmay,
          uniq_blork_the_orc
D:5:      layout_basic, minmay_temple_entry_slanted, nicolae_eternal_life,
          ebering_dispersal_statue_hall
D:6:      layout_rooms, nicolae_stop_n_shop_1
D:7:      layout_loops_ring, minmay_liquid_box, uniq_pikel
D:8:      layout_gridville, minivault_1, uniq_grum, uniq_prince_ribbit1
Temple:   nicolae_temple_bog_church

Skill      XL: |  1  2  3  4  5  6  7  8  9 10 |
---------------+-------------------------------+-----
Staves         | 3 4 5 6 8 9 |  9.6
Fighting       | 4 5 6 7 |  7.9
Armour         | 4 5 6 7 |  7.9
Shields        | 5 6 7 8 9 |  9.5

Action                     |  1- 3 |  4- 6 |  7- 9 | 10-12 || total
---------------------------+-------+-------+-------+-------++-------
  Melee: Quarterstaff      |    84 |   126 |   366 |   138 ||   714
Ability: Shaft Self        |       |     1 |       |       ||     1
         Lunge             |       |       |    25 |     8 ||    33
         Whirlwind         |       |       |    13 |     3 ||    16
    Use: Potion            |       |     1 |       |     2 ||     3
 Armour: Scale mail        |    46 |    49 |    43 |       ||   138
         Chain mail        |       |       |    48 |       ||    48
         Leather armour    |       |       |    14 |    41 ||    55
  Dodge: Dodged            |    36 |    62 |   118 |    58 ||   274
  Block: Buckler           |    20 |    36 |    66 |    26 ||   148
